AoeStats
← Tomate

Arena

509961597Analyzed
2v2 RM · 5d ago on Sep 28, 2026· 54m 42s· 4 players
Game mode
Random Map
Map size
Medium (4 player)
Population
200
Speed
Normal
Resources
Standard
Victory
Conquest
Starting age
Dark Age
Ending age
Imperial Age
RankedLock teamsTeams togetherTeam positionsShared explorationLock speedFull tech treeHidden civsTurbo modeCheats
Victory
Defeat
🇨🇱 Portuguese · Chile
915
+16
🇨🇱 Magyars · Chile
914
+16
🇨🇿 Teutons · Czechia
921
-16
🇮🇹 Italians · Italy
903
-16
MABragadin
6:57 Loom
12:25 Feudal Age
13:03 Horse Collar
13:12 Double-Bit Axe
13:13 Town Watch
13:50 Gold Mining
17:22 Castle Age
19:35 Bow Saw
19:31 Heavy Plow
20:12 Stone Mining
22:59 Wheelbarrow
24:50 Husbandry
25:03 Bloodlines
26:41 Scale Barding Armor
28:46 Chain Barding Armor
29:14 Forging
30:10 Fortified Wall
30:58 Iron Casting
31:31 Fletching
31:35 Light Cavalry
32:13 Bodkin Arrow
33:33 Padded Archer Armor
35:40 Stone Shaft Mining
35:55 Leather Archer Armor
39:39 Imperial Age
37:31 Thumb Ring
38:52 Treadmill Crane
39:37 Ballistics
40:42 Bracer
41:44 Chemistry
41:17 Ring Archer Armor
41:12 Conscription
41:31 Hand Cart
43:48 Crop Rotation
44:21 Two-Man Saw
42:57 Elite Skirmisher
43:53 Scale Mail Armor
45:22 Elite Genoese Crossbowman
46:55 Hussar
49:45 Town Patrol
52:18 Squires
53:20 Blast Furnace
52:39 Chain Mail Armor
52:33 Treadmill Crane
poruba15
0:28 Loom
14:01 Feudal Age
14:56 Horse Collar
15:05 Double-Bit Axe
19:57 Castle Age
18:17 Stone Mining
18:48 Gold Mining
20:47 Wheelbarrow
20:16 Fletching
28:18 Hand Cart
27:51 Town Watch
28:21 Bow Saw
30:58 Town Patrol
31:22 Heavy Plow
33:04 Bodkin Arrow
37:51 Imperial Age
37:01 Bloodlines
39:45 Cavalier
42:16 Conscription
44:24 Paladin
45:18 Scale Barding Armor
45:14 Scale Mail Armor
45:14 Padded Archer Armor
45:25 Forging
49:19 Elite Skirmisher
51:57 Two-Man Saw
51:31 Crop Rotation
51:43 Iron Casting
51:24 Chain Mail Armor
51:24 Leather Archer Armor
51:32 Chain Barding Armor
Tomate
11:14 Feudal Age
15:07 Castle Age
13:16 Double-Bit Axe
13:27 Horse Collar
15:10 Bloodlines
17:32 Husbandry
19:06 Heavy Plow
20:31 Bow Saw
23:12 Wheelbarrow
22:57 Scale Barding Armor
24:23 Stone Mining
25:51 Hand Cart
26:07 Loom
26:08 Town Watch
31:20 Imperial Age
29:34 Gold Mining
32:09 Gold Shaft Mining
33:41 Chemistry
32:38 Fletching
32:51 Cavalier
33:34 Corvinian Army
33:56 Conscription
35:53 Chain Barding Armor
35:29 Bodkin Arrow
35:20 Pikeman
35:47 Arson
37:14 Elite Magyar Huszar
38:15 Bracer
39:42 Two-Man Saw
39:15 Crop Rotation
39:02 Halberdier
39:23 Man-at-Arms
40:52 Thumb Ring
42:36 Parthian Tactics
43:08 Plate Barding Armor
43:23 Padded Archer Armor
43:24 Scale Mail Armor
44:48 Siege Engineers
45:04 Ballistics
44:27 Treadmill Crane
49:08 Chain Mail Armor
49:09 Leather Archer Armor
49:09 Crossbowman
50:12 Murder Holes
53:20 Heavy Cavalry Archer
54:32 Caravan
nnickk0
9:54 Feudal Age
10:50 Loom
13:53 Castle Age
12:46 Double-Bit Axe
16:22 Fervor
15:59 Horse Collar
19:06 Crossbowman
19:54 Thumb Ring
20:55 Fletching
27:56 Pikeman
29:47 Bow Saw
29:41 Heavy Plow
35:03 Imperial Age
33:32 Gold Mining
33:51 Stone Mining
34:52 Padded Archer Armor
37:37 Chemistry
36:58 Ballistics
41:13 Arbalester
43:04 Forging
42:55 Scale Mail Armor
42:51 Bodkin Arrow
43:12 Leather Archer Armor
43:55 Halberdier
51:45 Gambesons
51:46 Arson
52:41 Iron Casting
52:21 Chain Mail Armor
52:37 Ring Archer Armor
52:08 Bracer
56:04 Blast Furnace
55:34 Plate Mail Armor
Connection lost

Rejoining the realm…

Still unreachable

The connection could not be restored.

Session expired

The server has moved on; the page needs a fresh start.